 Dungeon Crawl Stone Soup version 0.29.0-4-gdea44cf6ec (webtiles) character file.

Game seed: 14716206426741008215

50 qw the Chopper (level 3, -5/23 HPs)
             Began as a Gargoyle Fighter on Sept 9, 2022.
             Slain by a gnoll bouda
             ... wielding a +0 spear
              (6 damage)
             ... on level 2 of the Dungeon.
             The game lasted 00:00:35 (1349 turns).

qw the Chopper (Gargoyle Fighter)                   Turns: 1349, Time: 00:00:36

Health: -5/23      AC: 10    Str: 21    XL:     3   Next: 79%
Magic:  3/3        EV:  9    Int:  8    God:
Gold:   22         SH:  4    Dex:  9    Spells: 2/2 levels left

rFire   . . .      SeeInvis .   Y - +0 war axe
rCold   . . .      Faith    .   c - +0 buckler
rNeg    + . .      Spirit   .   b - +0 scale mail
rPois   inf        Reflect  .   (no helmet)
rElec   +          Harm     .   (no cloak)
rCorr   .          Rampage  .   (no gloves)
Will    .....                   (no boots)
Stlth   ..........              (no amulet)
HPRegen 0.07/turn               (no ring)
MPRegen 0.08/turn               (no ring)

@: about to teleport
A: sickness immunity, AC +3, negative energy resistance 1, electricity
resistance, torment resistance 1, petrification resistance
a: no special abilities


You were on level 2 of the Dungeon.
You visited 1 branch of the dungeon, and saw 2 of its levels.

You collected 49 gold pieces.
You spent 27 gold pieces at shops.


Innate Abilities, Weirdness & Mutations

You are immune to sickness and miasma.
Your stone body is resilient. (AC +3)
You are immune to poison.
You resist negative energy. (rN+)
You are resistant to electric shocks. (rElec)
You are resistant to unholy torment.
You are immune to petrification.


   Skills:
 - Level 3.2 Fighting
 + Level 3.6 Axes
 - Level 3.2 Armour
 - Level 3.2 Shields


You had 2 spell levels left.
You didn't know any spells.
Your spell library was empty.

Inventory:

Hand Weapons
 e - a +1 mace of protection
 Y - a +0 war axe (weapon)
Missiles
 l - 3 boomerangs (quivered)
Armour
 b - a +0 scale mail (worn)
 c - a +0 buckler (worn)
Scrolls
 h - a scroll of teleportation
Potions
 a - a potion of berserk rage {unknown}
 d - a potion of might
 i - a potion of attraction {unknown}
 j - a potion of heal wounds {unknown}
 k - a potion of mutation {unknown}

Dungeon Overview and Level Annotations

Branches:
Dungeon (2/15)

Altars:

Shops:
D:1 *


Message History

You barely miss the quokka. The bat hits you but does no damage.
The quokka barely misses you.
You slash the quokka!
You kill the quokka!
You hit the bat but do no damage. The bat barely misses you.
You miss the bat. The bat hits you. The bat hits you but does no damage.
You closely miss the bat. The bat hits you.
You slash the bat!
You kill the bat!
You start resting.
A gnoll bouda comes into view. It is wielding a +0 spear.
1321 ||| FLEEEEING.
1322 ||| FLEEEEING.
1323 ||| FLEEEEING.
1324 ||| FLEEEEING.
You start resting.
A gnoll bouda is nearby!
1343 ||| Stepping ~*~*~tactically~*~*~ (stealth).
1344 ||| Stepping ~*~*~tactically~*~*~ (stealth).
A gnoll comes into view. It is wielding a +0 hand axe.
The gnoll shouts!
You hear a shout!
You slash the gnoll!
The gnoll is almost dead.
The gnoll completely misses you. The gnoll hits you with a +0 hand axe.
You slash the gnoll!
You kill the gnoll!
The gnoll bouda hits you from afar with a +0 spear.
You block the gnoll bouda's attack.
You hit the gnoll bouda.
The gnoll bouda is lightly wounded.
The gnoll bouda hits you but does no damage.
The gnoll bouda hits you with a +0 spear!
1349 ||| READING 2 scrolls of teleportation.
As you read the scroll of teleportation, it crumbles to dust.
You feel strangely unstable.
The gnoll bouda hits you with a +0 spear.
You die...

#.#####.#.### #.#
#.......# #.# #.##.....
# .#######.###.##....#
.. ........%....##....#
#.######....##...##.....
#................######.
#.....##....##...## #.
#......@..####..... #.
#....)##g..#....#.## ##
#.....##............
#.....##...#.####.#.
#.#...##...#.#### #
#.....##......#
#.%...##......#
....#....##......#
..........##......#


You could see a gnoll bouda.

Vanquished Creatures
  A gnoll (D:2)
  A dart slug (D:1)
  4 bats
  4 endoplasms (D:1)
  2 giant cockroaches (D:1)
  2 hobgoblins (D:1)
  A kobold (D:1)
  3 quokkas
  6 ball pythons (D:1)
  2 frilled lizards (D:1)
  5 goblins (D:1)
  4 rats (D:1)
35 creatures vanquished.

Notes
Turn   | Place    | Note
-------+----------+-------------------------------------------
     0 | D:1      | qw the Gargoyle Fighter began the quest for the Orb.
     0 | D:1      | Reached XP level 1. HP: 14/14 MP: 1/1
     0 | D:1      | 0 ||| qw: Version: 0.1-a-113-g051387a
     0 | D:1      | 0 ||| qw: Game counter: 7236
     0 | D:1      | 0 ||| qw: Always use a shield: true
     0 | D:1      | 0 ||| qw: God list: Okawaru
     0 | D:1      | 0 ||| qw: Allow faded altars: false
     0 | D:1      | 0 ||| qw: Do Orc after D:15 true
     0 | D:1      | 0 ||| qw: Do second Lair branch before Depths: true
     0 | D:1      | 0 ||| qw: Lair rune preference: random
     0 | D:1      | 0 ||| qw: Plans: Normal, Zot, God:TSO, Crypt, Tomb, Zig,
                  | Orb
     0 | D:1      | 0 ||| PLANNING D:1-11
    74 | D:1      | 74 ||| Stepping ~*~*~tactically~*~*~ (stealth).
    86 | D:1      | 86 ||| Stepping ~*~*~tactically~*~*~ (stealth).
   165 | D:1      | Reached XP level 2. HP: 17/19 MP: 2/2
   229 | D:1      | Found Fasokagyd's Assorted Antiques.
   254 | D:1      | 254 ||| Stepping ~*~*~tactically~*~*~ (hiding).
   268 | D:1      | 268 ||| SHOPLISTING helmet (121 gold, have 27).
   268 | D:1      | 268 ||| BUYING scroll labelled OLEM MOR BAPH (27 gold).
   268 | D:1      | Bought a scroll labelled OLEM MOR BAPH for 27 gold pieces
   268 | D:1      | 268 ||| SHOPLISTING sedimented puce potion (24 gold, have
                  | 0).
   325 | D:1      | Reached skill level 3 in Axes
   511 | D:1      | Reached XP level 3. HP: 18/23 MP: 3/3
  1162 | D:1      | 1162 ||| READING 2 scrolls labelled IRYCVO BIPTORGH.
  1163 | D:1      | 1163 ||| READING 3 scrolls labelled OLEM MOR BAPH.
  1164 | D:1      | 1164 ||| READING 3 scrolls labelled XUIMAJ JYHO.
  1168 | D:1      | 1168 ||| DROPPING scroll of fear.
  1169 | D:1      | 1169 ||| DROPPING 2 scrolls of immolation.
  1247 | D:2      | 1247 ||| DROPPING +0 club.
  1321 | D:2      | 1321 ||| FLEEEEING.
  1322 | D:2      | 1322 ||| FLEEEEING.
  1323 | D:2      | 1323 ||| FLEEEEING.
  1324 | D:2      | 1324 ||| FLEEEEING.
  1343 | D:2      | 1343 ||| Stepping ~*~*~tactically~*~*~ (stealth).
  1344 | D:2      | 1344 ||| Stepping ~*~*~tactically~*~*~ (stealth).
  1348 | D:2      | HP: 1/23 [gnoll bouda/+0 spear (9)]
  1349 | D:2      | 1349 ||| READING 2 scrolls of teleportation.
  1349 | D:2      | Slain by a gnoll bouda

Levels and vault maps discovered:
D:1:      dpeg_arrival_pits, layout_basic, serial_shops, nicolae_shop_stone
D:2:      layout_basic, basic_altar, uniq_sigmund, uniq_natasha

Skill      XL: |  1  2 |
---------------+-------+-----
Axes           | 2 3 |  3.6
Fighting       | |  3.2
Armour         | |  3.2
Shields        | |  3.2

Action                   || total
-------------------------++-------
Melee: War axe           ||   110
Throw: Boomerang         ||     7
  Use: Scroll            ||     4
Armor: Scale mail        ||    61
Dodge: Dodged            ||    48
Block: Buckler           ||    13

Table legend:
 A = Non-vault XP
 B = Vault XP
 C = Vault XP percentage of total XP
 D = Non-vault monster count
 E = Vault monster count
 F = Vault count percentage of total count
                 A         B        C        D         E       F
            +---------+---------+-------+---------+---------+-------
      Total |      72 |       0 |   0.0 |      35 |       0 |   0.0
            +---------+---------+-------+---------+---------+-------
        D:1 |      52 |       0 |   0.0 |      30 |       0 |   0.0
        D:2 |      20 |       0 |   0.0 |       5 |       0 |   0.0
            +---------+---------+-------+---------+---------+-------
